 Dungeon Crawl Stone Soup version 0.31-a0-1005-gfbdfbac (webtiles) character file.

Game seed: 3961459055933499896

6672 Partyfoot the Magician (level 10, 0/81 (88) HPs)
             Began as a Green Draconian Conjurer on Nov 11, 2023.
             Was a Follower of Dithmenos.
             Succumbed to barbed spike wounds
             ... on level 9 of the Dungeon.
             The game lasted 00:53:59 (12042 turns).

Partyfoot the Magician (Green Draconian Conjurer)  Turns: 12042, Time: 00:54:00

HP:   0/81 (88)     AC:  9    Str: 15    XL:     10   Next: 73%
MP:   11/21         EV: 12    Int: 22    God:    Dithmenos [*.....]
Gold: 558           SH:  4    Dex: 10    Spells: 6/24 levels left

rFire   + . .        e - +1 dagger
rCold   + . .        C - +0 buckler
rNeg    . . .        (body armour unavailable)
rPois   +            (helmet restricted)
rElec   .            (no cloak)
rCorr   .            B - +1 pair of gloves {Stlth+}
SInv    .            (no boots)
Will    .....        f - amulet of regeneration
Stlth   ++++         w - ring of protection from fire
HPRegen 1.13/turn    a - ring "Afos" {Wiz rC+ Str+5}
MPRegen 0.17/turn

%: wizardry (x1)
@: spiked, wreathed by umbra, drained
A: breathe noxious fumes, AC +7, unfitting armour, poison resistance,
cold-blooded
a: Breathe Noxious Fumes, Renounce Religion


You were on level 9 of the Dungeon.
You worshipped Dithmenos.
Dithmenos was aware of your devotion.
You visited 2 branches of the dungeon, and saw 10 of its levels.

You collected 558 gold pieces.

Inventory:

Hand Weapons
 e - a +1 dagger (weapon)
Missiles
 i - 21 poisoned darts (quivered)
 l - 5 atropa-tipped darts
 n - a throwing net
Armour
 B - a +1 pair of gloves of stealth (worn)
 C - a +0 buckler (worn)
Jewellery
 a - the ring "Afos" (right hand) {Wiz rC+ Str+5}
   (You found it on level 5 of the Dungeon)

   [ring of wizardry]

   Wiz:       It improves your spell success rate.
   Str+5:     It affects your strength (+5).
   rC+:       It protects you from cold.
 b - a ring of fire
 f - an amulet of regeneration (around neck)
 m - a ring of wizardry
 w - a ring of protection from fire (left hand)
 z - a ring of resist corrosion
Wands
 s - a wand of flame (17)
 y - a wand of paralysis (4)
Scrolls
 c - 3 scrolls of amnesia
 d - 6 scrolls of teleportation
 q - a scroll of torment
 r - 2 scrolls of fog
 x - a scroll of poison
 A - a scroll of fear
 D - a scroll of identify
Potions
 g - 4 potions of attraction
 h - a potion of curing {unknown}
 j - 4 potions of enlightenment
 k - a potion of heal wounds {unknown}
 o - 3 potions of lignification
 p - 2 potions of invisibility {unknown}
 t - 3 potions of berserk rage {unknown}
 u - a potion of resistance {unknown}
 v - a potion of cancellation {unknown}


   Skills:
 + Level 7.7 Fighting
 - Level 3.2 Dodging
 - Level 4.9 Stealth
 + Level 2.8 Shields
 + Level 7.8 Spellcasting
 - Level 4.3 Conjurations
 - Level 5.5 Summonings
 + Level 3.1 Translocations
 + Level 6.7 Air Magic
 - Level 4.0 Earth Magic


You had 6 spell levels left.
You knew the following spells:

 Your Spells              Type           Power      Damage    Failure   Level
a - Magic Dart            Conj           100%       1d8       1%          1
b - Stone Arrow           Conj/Erth      54%        3d10      2%          3
c - Summon Lightning Spi  Summ/Air       35%        N/A       3%          4
d - Passage of Golubria   Tloc           22%        N/A       11%         4
e - Airstrike             Air            19%        2d(3-19)  2%          4
f - Poisonous Vapours     Pois/Air       46%        N/A       1%          2

Your spell library contained the following spells:

 Spells                   Type           Power      Damage    Failure   Level
 Searing Ray              Conj           54%        2d6       1%          2
 Static Discharge         Conj/Air       64%        3-6/arc   1%          2
 Mephitic Cloud           Conj/Pois/Air  24%        N/A       2%          3
 Dazzling Flash           Conj/Hex       36%        N/A       4%          3
 Iskenderun's Mystic Bla  Conj/Tloc      25%        2d7       9%          4
 Tukima's Dance           Hex            8%         N/A       12%         3
 Fulminant Prism          Conj/Hex       9%         3d7       16%         4
 Freezing Cloud           Conj/Ice/Air   12%        6-21      24%         5
 Borgnjor's Vile Clutch   Necr/Erth      8%         N/A       43%         5
 Alistair's Intoxication  Tmut/Pois      5%         N/A       69%         5
 Yara's Violent Unravell  Hex/Tmut       4%         3d4       69%         5
 Eringya's Noxious Bog    Tmut/Pois      4%         4d6       99%         6
 Lehudib's Crystal Spear  Conj/Erth      13%        10d5      100%        8
 Animate Armour           Summ/Erth      Unusable   N/A       N/A         4

Dungeon Overview and Level Annotations

Branches:
Dungeon (9/15)             Temple (1/1) D:7
   Lair: D:8-11         Orc: D:9-12

Altars:
Cheibriados
Dithmenos
Elyvilon
Fedhas
Gozag
Hepliaklqana
Kikubaaqudgha
Makhleb
Nemelex Xobeh
Okawaru
Qazlal
Ru
Trog
Uskayaw
Vehumet
Wu Jian
Xom
Yredelemnul
Zin
The Shining One


Innate Abilities, Weirdness & Mutations

You can breathe blasts of noxious fumes.
Your lurid green scales are hard. (AC +7)
You cannot fit into any form of body armour.
Your system is resistant to poisons. (rPois)
You are cold-blooded and may be slowed by cold attacks.


Message History

The steam dragon bites you but does no damage.
The steam dragon claws you but does no damage.
Casting: Poisonous Vapours (safe; 1% risk of failure)
Confirm with . or Enter, or press ? or * to list all spells.
Aiming: Poisonous Vapours (safe; 1% risk of failure)
Press: ? - help, Dir - move target, f - steam dragon, p - centaur warrior
Aim: a steam dragon (lightly wounded, ally target, umbra) Poisonous vapours surround the steam dragon!
The steam dragon is poisoned.
The manticore flicks its tail.
The volley of spikes hits you!
The barbed spikes become lodged in your body.
The steam dragon closely misses you. x2; The centaur warrior shoots an arrow.
The arrow hits you!
Casting: Poisonous Vapours (safe; 1% risk of failure)
Confirm with . or Enter, or press ? or * to list all spells.
Aiming: Poisonous Vapours (safe; 1% risk of failure)
Press: ? - help, Dir - move target, f/p - steam dragon
Aim: a steam dragon (lightly wounded, poisoned, ally target, umbra) Poisonous vapours surround the steam dragon!
The steam dragon looks even sicker.
The centaur warrior shoots an arrow.
The arrow hits you!!
* * * LOW HITPOINT WARNING * * *
You block the steam dragon's attack. The steam dragon claws you.
* * * LOW HITPOINT WARNING * * *
An orc wizard comes into view. It is wielding a +0 dagger.
Your lightning spire shoots out a bolt of lightning at the steam dragon!
The bolt of electricity hits the steam dragon.
Okay, then.
Unknown command.
The centaur warrior shoots an arrow.
The arrow hits you.
* * * LOW HITPOINT WARNING * * *
The steam dragon misses you. The steam dragon claws you.
* * * LOW HITPOINT WARNING * * *
The manticore flicks its tail.
The volley of spikes misses you.
Your lightning spire shoots out a bolt of lightning at the steam dragon!
The bolt of electricity hits the steam dragon!
The barbed spikes dig painfully into your body as you move.
You die...

#.......#
##.......#.
#.......c..
#......H..#
#.......o#
#........#
#..D.8...##
#..@......#
#########..


You could see a centaur warrior (very poisoned), a manticore, a steam dragon
(distracted, very poisoned, ally target), an orc wizard and a friendly lightning
spire (summoned).

Vanquished Creatures
  2 two-headed ogres
  A troll (D:6)
  Grinder (D:5)
  A hornet (D:8)
  2 wyverns
  2 steam dragons (D:8)
  2 acid dragons (D:8)
  3 water moccasins
  2 ice beasts (D:7)
  2 sky beasts
  A black bear (D:8)
  2 orc warriors
  An ogre (D:5)
  3 centaurs
  A phantom (D:5)
  Blork the orc (D:5)
  2 kobold brigands (D:8)
  2 bullfrogs
  2 scorpions
  9 killer bees
  4 howler monkeys
  A jelly (D:5)
  3 orc priests
  4 hounds
  2 gnoll boudas
  3 iguanas
  3 orc wizards
  6 gnolls
  4 adders
  A shadow imp (D:6)
  A worm (D:3)
  2 dart slugs
  15 orcs
  7 ball pythons
  7 bats
  7 endoplasms
  3 giant cockroaches (D:3)
  2 goblins (D:3)
  6 hobgoblins
  8 kobolds
  4 quokkas
  A frilled lizard (D:2)
  2 rats (D:1)
138 creatures vanquished.

Vanquished Creatures (collateral kills)
  A deep elf pyromancer (D:9)
  Maggie (D:7)
  2 orc warriors (D:8)
  A bullfrog (D:8)
  A wight (D:8)
  2 killer bees (D:8)
  A jelly (D:8)
  An orc priest (D:9)
  3 gnolls (D:8)
  3 orcs
  3 kobolds (D:8)
19 creatures vanquished.

Vanquished Creatures (others)
  A killer bee (D:8)
1 creature vanquished.

Grand Total: 158 creatures vanquished

Notes
Turn   | Place    | Note
-------+----------+-------------------------------------------
     0 | D:1      | Partyfoot the Draconian Conjurer began the quest for the
                  | Orb.
     0 | D:1      | Reached XP level 1. HP: 14/14 MP: 3/3
   320 | D:1      | Reached XP level 2. HP: 20/20 MP: 0/5
   502 | D:1      | You fall into a shaft and drop 1 floor!
  1840 | D:3      | Reached XP level 3. HP: 26/26 MP: 2/6
  1844 | D:3      | Learned a level 3 spell: Stone Arrow
  1961 | D:3      | Noticed a sky beast
  2572 | D:3      | Reached skill level 1 in Earth Magic
  2600 | D:3      | Reached XP level 4. HP: 33/33 MP: 1/8
  2671 | D:3      | Found a snail-covered altar of Cheibriados.
  2853 | D:4      | Found a glowing silver altar of Zin.
  3310 | D:5      | Entered Level 5 of the Dungeon
  3401 | D:3      | Found a blossoming altar of Fedhas.
  3401 | D:3      | Found a white marble altar of Elyvilon.
  3721 | D:4      | Noticed a scorpion
  3723 | D:4      | Killed a scorpion
  3724 | D:4      | Reached XP level 5. HP: 38/38 MP: 4/10
  3999 | D:5      | Noticed a water moccasin
  4006 | D:5      | Killed a water moccasin
  4007 | D:5      | Reached XP level 6. HP: 16/45 MP: 8/11
  4059 | D:5      | Noticed Grinder
  4073 | D:5      | Identified the ring "Afos" {Wiz rC+ Str+5}
  4106 | D:5      | Killed Grinder
  4365 | D:5      | Your scales start taking on a lurid green colour.
  4365 | D:5      | Reached XP level 7. HP: 50/50 MP: 6/13
  4365 | D:5      | Gained mutation: Your system is resistant to poisons.
                  | (rPois) [Green Draconian growth]
  4437 | D:5      | Found a radiant altar of Vehumet.
  4497 | D:5      | Reached skill level 1 in Fighting
  4873 | D:5      | Noticed Blork the orc
  4882 | D:5      | Learned a level 4 spell: Summon Lightning Spire
  4901 | D:5      | Killed Blork the orc
  5125 | D:5      | Reached skill level 1 in Summonings
  5125 | D:5      | Reached skill level 1 in Air Magic
  5569 | D:5      | Reached XP level 8. HP: 49/62 MP: 1/15
  5690 | D:6      | Reached skill level 5 in Spellcasting
  6171 | D:6      | Noticed a troll
  6794 | D:7      | Found a staircase to the Ecumenical Temple.
  6808 | Temple   | Entered the Ecumenical Temple
  6908 | Temple   | Became a worshipper of Dithmenos the Shadowed
  7469 | D:7      | Found a hazy altar of Hepliaklqana.
  7817 | D:7      | Noticed Maggie
  7821 | D:7      | Killed Maggie
  7822 | D:7      | Reached XP level 9. HP: 70/73 MP: 6/18
  7970 | D:7      | Reached skill level 5 in Fighting
  8314 | D:8      | Found a hide-covered altar of Uskayaw.
  8492 | D:8      | Noticed a two-headed ogre
  8720 | D:8      | Reached skill level 5 in Summonings
  8720 | D:8      | Reached skill level 5 in Air Magic
  8723 | D:8      | Reached * piety under Dithmenos
  9125 | D:8      | Reached XP level 10. HP: 84/84 MP: 13/20
  9130 | D:8      | Learned a level 4 spell: Passage of Golubria
  9274 | D:8      | Learned a level 4 spell: Airstrike
  9576 | D:6      | Reached skill level 1 in Translocations
 11172 | D:8      | Killed a two-headed ogre
 11173 | D:8      | Reached skill level 1 in Shields
 11459 | D:8      | Learned a level 2 spell: Poisonous Vapours
 11715 | D:9      | Noticed a two-headed ogre
 11724 | D:9      | Killed a two-headed ogre
 11724 | D:9      | Noticed a deep elf pyromancer
 11731 | D:9      | Killed a deep elf pyromancer
 11897 | D:9      | Noticed a centaur warrior
 12036 | D:9      | Noticed a manticore
 12041 | D:9      | HP: 4/81 [steam dragon (1)]
 12042 | D:9      | Succumbed to barbed spike wounds

Illustrated notes

Levels and vault maps discovered:
D:1:      minmay_arrival_up_and_down, layout_basic
D:2:      layout_loops_ring
D:3:      layout_basic, gammafunk_temple_overflow_statue, kennysheep_slug_shrine
D:4:      layout_basic, mainiacjoe_overflow_small_starburst,
          minmay_misc_feat_pillars
D:5:      layout_loops_ring, fiery_altar_vehumet, kennysheep_doodads,
          serial_bayou_lagoon_a, uniq_blork_the_orc, uniq_grinder
D:6:      layout_cave_pods
D:7:      layout_basic, nzn_hepliaklqana_mist_gate, minmay_temple_entry_wispy,
          uniq_maggie
D:8:      layout_loops_cross, marbit_many_paths, minmay_joined_circles
D:9:      layout_rooms, grunt_lair_entry_orc_guard_hut, orc_0_dummy,
          minmay_ruined_shrine
Temple:   nicolae_temple_figure_eight

Skill      XL: |  1  2  3  4  5  6  7  8  9 10 |
---------------+-------------------------------+-----
Stealth        | 2 3 4 |  4.9
Earth Magic    | 1 2 3 4 |  4.0
Spellcasting   | 3 4 6 7 |  7.8
Fighting       | 2 4 6 7 |  7.7
Dodging        | 2 3 |  3.2
Summonings     | 1 3 5 |  5.5
Air Magic      | 1 3 5 6 |  6.7
Translocations | 3 |  3.1
Shields        | 2 |  2.8
Conjurations   | |  4.3

Action                     |  1- 3 |  4- 6 |  7- 9 | 10-12 || total
---------------------------+-------+-------+-------+-------++-------
  Melee: Dagger            |    21 |    21 |    42 |    31 ||   115
         Unarmed           |     1 |       |       |       ||     1
         Tailslap          |     4 |     1 |     7 |     4 ||    16
  Throw: Dart              |       |       |    12 |     8 ||    20
   Cast: Magic Dart        |    92 |    38 |   123 |    29 ||   282
         Stone Arrow       |       |    12 |    76 |    16 ||   104
         Summon Lightning  |       |       |     7 |    15 ||    22
         Poisonous Vapours |       |       |       |    17 ||    17
         Airstrike         |       |       |       |     7 ||     7
Ability: Breathe Noxious F |       |       |    10 |     1 ||    11
    Use: Scroll            |       |     8 |     8 |     2 ||    18
         Potion            |       |     1 |       |       ||     1
   Stab: Confused          |       |       |     2 |       ||     2
 Armour: Skin              |    19 |    16 |    92 |    92 ||   219
  Dodge: Dodged            |    21 |    19 |    63 |    56 ||   159
  Block: Buckler           |       |       |       |    12 ||    12

Table legend: (Time is in decaauts)
 A = Elapsed time spent in this place.
 B = Non-inter-level travel time spent in this place.
 C = Inter-level travel time spent in this place.
 D = Time resting spent in this place.
 E = Time spent auto-exploring this place.
 F = Levels seen in this place.
 G = Mean time per level.
                   A        B        C        D        E       F      G
               +--------+--------+--------+--------+--------+-----+--------+
         Total |  12077 |  10749 |   1328 |   2621 |   5875 |  10 | 1207.7 |
       Dungeon |  11951 |  10745 |   1206 |   2621 |   5875 |   9 | 1327.9 |
        Temple |    125 |      3 |    122 |      0 |      0 |   1 |  125.0 |
               +--------+--------+--------+--------+--------+-----+--------+

Top non-repeatable levels by time:
     D:8: 2355 daAuts
     D:5: 1899 daAuts
     D:7: 1689 daAuts
     D:3: 1406 daAuts
     D:6: 1395 daAuts
     D:4: 1306 daAuts
     D:1: 1113 daAuts
     D:2: 698 daAuts
  Temple: 125 daAuts
     D:9: 87 daAuts
